Map: 썬더버드 - 래더

Players

Zest - Winner!

  • Race: Protoss Protoss
  • League: Master
  • Spawn Location: 5:00

Bunny

  • Race: Terran Terran
  • Spawn Location: 11:00

Event: HomeStory Cup XX

VOD

Have the link to the VOD?

Description

Time

  • Played on: Nov. 22, 2019, 4:08 a.m.
  • Length: 11:46

All games in this series

Show
View Real Time Build Order
Export as new Build Order

Zest Protoss - Winner!

Build Orders: 1 Gate Expand, Oracle Opening 

Get SALT Encoding   

  12  0:00  Probe  
  13  0:12  Probe  
  14  0:17  Pylon  
  14  0:24  Probe  
  15  0:32  Probe  
  15  0:36  Gateway  
  15  0:40  Probe  
  16  0:46  Assimilator  
  17  0:51  Probe  
  18  1:03  Probe  
  19  1:15  Probe  
  20  1:23  Nexus  
  20  1:33  Cybernetics Core  
  20  1:37  Probe  
  21  1:42  Assimilator  
  21  1:49  Probe  
  21  1:51  Pylon  
  22  2:01  Adept, Probe  
  23  2:09  Stargate  
  23  2:14  Probe  
  26  2:19  Warp Gate  
  26  2:26  Probe  
  27  2:31  Adept  
  27  2:34  Probe  
  30  2:39  Probe  
  30  2:42  Oracle, Probe  
  31  2:50  Probe  
  31  2:51  Probe  
  37  3:02  Probe  
  37  3:03  Pylon, Probe  
  39  3:10  Oracle  
  39  3:14  Probe  
  39  3:15  Probe  
  44  3:21  Gateway  
  44  3:26  Probe  
  45  3:27  Probe  
  45  3:31  Pylon  
  46  3:38  Probe  
  46  3:39  Probe  
  48  3:45  Shield Battery  
  48  3:49  Oracle  
  48  3:53  Pylon, Probe x2  
  52  4:05  Probe  
  52  4:09  Probe  
  51  4:13  Adept  
  48  4:18  Probe  
  48  4:21  Probe  
  49  4:28  Probe  
  49  4:31  Probe  
  49  4:34  Oracle  
  49  4:36  Probe  
  49  4:38  Pylon  
  53  4:39  Probe  
  53  4:44  Probe  
  55  4:48  Probe, Nexus  
  57  4:56  Probe  
  57  5:00  Assimilator, Probe  
  57  5:02  Assimilator  
  58  5:07  Adept x2  
  58  5:08  Probe  
  58  5:10  Pylon  
  58  5:11  Probe  
  64  5:16  Shield Battery  
  64  5:20  Probe x2, Twilight Council  
  65  5:28  Forge, Probe  
  66  5:32  Probe  
  66  5:42  Void Ray  
  66  5:47  Stalker x2  
  66  5:49  Shield Battery  
  70  5:56  Shield Battery  
  70  5:58  Shield Battery  
  70  6:04  Gateway  
  70  6:05  Gateway  
  70  6:11  Stalker x2  
  73  6:21  Blink  
  51  6:35  Stalker  
  51  6:36  Stalker  
  51  6:37  Probe x2  
  51  6:42  Protoss Ground Weapons Level 1  
  51  6:45  Probe x2  
  51  6:53  Probe  
  53  7:01  Nexus  
  51  7:04  Stalker  
  51  7:06  Stalker  
  54  7:10  Stalker  
  54  7:14  Probe x2  
  58  7:26  Probe x2  
  59  7:30  Stalker  
  61  7:38  Probe x2  
  61  7:41  Robotics Facility  
  63  7:48  Probe  
  63  7:50  Probe  
  65  7:51  Pylon  
  65  7:53  Gateway  
  65  7:55  Gateway  
  65  7:59  Stalker x2  
  65  8:03  Charge  
  68  8:12  Probe  
  68  8:13  Probe  
  68  8:14  Probe  
  68  8:19  Gateway  
  71  8:21  Gateway  
  71  8:24  Probe  
  71  8:25  Probe  
  71  8:26  Templar Archives  
  73  8:28  Observer  
  74  8:34  Probe  
  74  8:36  Probe  
  74  8:40  Pylon, Assimilator  
  76  8:44  Assimilator  
  76  8:55  Protoss Ground Armor Level 1  
  79  8:56  Pylon  
  79  8:57  Stalker x4  
  79  8:59  Stalker  
  79  9:01  Probe x3  
  88  9:09  Probe  
  89  9:13  Probe x2  
  92  9:25  Observer, Probe  
  92  9:29  Psionic Storm  
  93  9:34  Immortal  
  97  9:53  Shield Battery, Photon Cannon  
  97  9:56  Pylon  
  97  10:03  High Templar x4  
  97  10:04  Sentry, Zealot  
  97  10:05  Zealot x2  
  113  10:08  Pylon  
  113  10:09  Warp Prism, Probe  
  113  10:10  Probe x2  
  118  10:21  Nexus  
  118  10:24  Pylon  
  118  10:28  Pylon  
  117  10:41  Zealot x8  
  133  10:49  Observer  
  134  10:57  Probe x3  
  136  11:02  Zealot  
  136  11:03  Zealot x5  
  149  11:05  High Templar  
  149  11:06  High Templar  
  145  11:19  Archon  
  145  11:20  Archon  
  143  11:27  Stalker x2  
  143  11:28  Stalker x3, Zealot  
  143  11:29  Zealot x2  
Show
View Real Time Build Order
Export as new Build Order

Bunny Terran 

Build Orders: Gas First Reaper Expand 

Get SALT Encoding   

  12  0:00  SCV  
  13  0:12  SCV  
  14  0:17  Supply Depot  
  14  0:24  SCV  
  14  0:27  Refinery  
  15  0:38  SCV  
  16  0:44  Barracks  
  16  0:50  SCV  
  17  1:03  SCV  
  18  1:15  SCV  
  19  1:30  Orbital Command  
  19  1:31  Reaper  
  20  1:42  Command Center  
  20  1:53  Factory  
  20  1:56  SCV  
  21  2:05  Barracks Reactor  
  21  2:06  Supply Depot  
  21  2:08  SCV  
  22  2:20  SCV  
  23  2:33  SCV  
  24  2:41  Refinery  
  24  2:42  Starport  
  24  2:45  Hellion, SCV  
  24  2:46  Hellion  
  24  2:47  Marine  
  30  2:53  Orbital Command  
  30  2:57  SCV  
  31  3:07  Hellion x2, Barracks Tech Lab  
  31  3:10  SCV  
  36  3:19  SCV  
  37  3:21  Viking  
  37  3:23  SCV  
  37  3:27  Supply Depot  
  39  3:35  Cyclone  
  39  3:41  Marine  
  40  3:46  Marine  
  38  3:53  SCV  
  39  3:56  SCV  
  39  4:06  Marine x2  
  39  4:08  SCV x2  
  33  4:17  Siege Tank  
  33  4:20  SCV  
  33  4:24  SCV  
  36  4:29  Marine  
  36  4:36  Viking  
  38  4:40  SCV  
  38  4:41  SCV  
  40  4:51  Supply Depot  
  40  4:53  Siege Tank  
  40  4:56  Marine  
  40  4:59  Marine  
  45  5:02  SCV  
  45  5:04  SCV  
  45  5:13  Medivac  
  47  5:16  Marine x2  
  47  5:19  SCV x2  
  51  5:23  Supply Depot  
  51  5:33  Siege Tank  
  51  5:35  Marine  
  54  5:38  Marine  
  52  5:43  SCV x2  
  50  5:53  Marine  
  50  5:56  Marine  
  50  6:03  SCV  
  51  6:11  Marine  
  50  6:14  Marine, Bunker  
  50  6:18  Cyclone  
  55  6:22  Bunker  
  53  6:31  Marine  
  53  6:32  Marine  
  49  6:34  SCV  
  49  6:35  SCV  
  46  6:47  SCV x2  
  47  6:58  Command Center  
  47  7:00  SCV x2  
  44  7:11  Siege Tank, Bunker  
  44  7:12  Marine x2  
  46  7:27  SCV x2  
  46  7:30  Barracks  
  46  7:31  Command Center  
  46  7:32  Barracks  
  46  7:36  Marine x2  
  48  7:40  SCV  
  48  7:41  SCV  
  48  7:43  Engineering Bay  
  50  7:53  Viking, SCV x2  
  50  7:54  Marine x2  
  56  8:00  Supply Depot  
  56  8:05  SCV x2  
  61  8:17  SCV  
  61  8:19  Missile Turret  
  62  8:20  Barracks Tech Lab x2  
  62  8:21  SCV  
  62  8:24  Supply Depot  
  60  8:28  Refinery  
  60  8:29  SCV  
  60  8:30  Missile Turret  
  60  8:31  Marine x2  
  60  8:33  SCV  
  56  8:37  Starport Reactor  
  56  8:39  Terran Infantry Weapons Level 1  
  57  8:41  SCV  
  57  8:43  Orbital Command  
  57  8:45  SCV  
  57  8:46  Factory Reactor  
  58  8:50  Stimpack  
  58  8:51  Marine x4  
  58  8:52  Refinery  
  58  8:54  SCV  
  63  8:58  SCV  
  64  9:06  Supply Depot  
  64  9:08  Combat Shield, Barracks  
  64  9:09  Barracks  
  64  9:11  SCV x2  
  66  9:17  Medivac  
  66  9:18  Marine x3  
  66  9:19  Marine  
  69  9:33  Medivac  
  69  9:36  Marine x2  
  69  9:37  Marauder x2  
  77  9:42  Widow Mine x2  
  74  9:51  Supply Depot  
  74  9:54  Marine x2  
  74  9:55  Marauder, Concussive Shells  
  74  9:56  Barracks Reactor  
  78  10:03  Supply Depot x2  
  78  10:09  Supply Depot  
  78  10:10  Supply Depot  
  78  10:13  Marauder x2  
  72  10:14  Marine x2, Medivac  
  76  10:23  Medivac  
  76  10:26  Widow Mine  
  76  10:28  Widow Mine  
  82  10:30  Marauder  
  82  10:32  Marine x2  
  82  10:33  Marine x2  
  82  10:34  Marauder  
  86  10:37  Marauder  
  88  10:44  Supply Depot  
  88  10:46  Medivac  
  90  10:50  Marine  
  90  10:51  Marine x2, Marauder  
  90  10:55  Widow Mine  
  90  10:57  Widow Mine  
  99  11:02  Marauder  
  101  11:06  Marauder  
  101  11:10  Marine x2  
  101  11:11  Marine x2  
  106  11:16  Supply Depot  
  96  11:21  Widow Mine x2  
  96  11:23  Marine  
Tags
 
Add a new tag
Caveats
  • Supply blocks, unpowered buildings, or Contaminate may cause inaccurate times.
  • Supply counts are checked every 10 seconds.